Map: Discord IV

Players

GogaMagoga - Winner!

  • Race: Protoss Protoss
  • Spawn Location: 11:00

Gracz - Winner!

  • Race: Terran Terran
  • Spawn Location: 9:00

SirAhmed

  • Race: Zerg Zerg
  • Spawn Location: 5:00

CraM

  • Race: Zerg Zerg
  • Spawn Location: 5:00

VOD

Have the link to the VOD?

Description

Time

  • Played on: April 30, 2016, 7:31 a.m.
  • Length: 5:43
Show
View Real Time Build Order
Export as new Build Order

GogaMagoga Protoss - Winner!

Build Orders: Dark Templar Rush 

Get SALT Encoding   

  12  0:02  Probe (Chrono Boost)  
  14  0:14  Probe (Chrono Boost)  
  14  0:25  Probe (Chrono Boost)  
  15  0:34  Pylon  
  15  0:53  Probe (Chrono Boost)  
  15  0:56  Forge  
  16  0:58  Gateway  
  16  1:03  Probe (Chrono Boost)  
  17  1:05  Pylon  
  17  1:20  Probe (Chrono Boost)  
  17  1:25  Assimilator  
  18  1:31  Probe (Chrono Boost)  
  19  1:41  Probe (Chrono Boost)  
  20  1:50  Assimilator  
  20  1:52  Probe (Chrono Boost)  
  21  1:59  Zealot (Chrono Boost)  
  23  2:02  Cybernetics Core  
  23  2:04  Photon Cannon  
  23  2:29  Probe  
  24  2:37  Pylon  
  24  2:41  Pylon, Probe  
  25  2:52  Nexus  
  25  3:03  Zealot (Chrono Boost)  
  25  3:05  Warp Gate (Chrono Boost)  
  27  3:14  Twilight Council  
  27  3:24  Photon Cannon  
  27  3:30  Probe  
  28  3:42  Probe  
  29  3:58  Dark Shrine  
  29  4:10  Gateway  
  29  4:11  Gateway  
  29  4:13  Gateway  
  29  4:15  Probe  
  29  4:16  Probe  
  31  4:26  Probe  
  31  4:29  Probe  
  33  5:15  Dark Templar x3  
  33  5:16  Dark Templar  
Show
View Real Time Build Order
Export as new Build Order

Gracz Terran - Winner!

Build Orders:  

Get SALT Encoding   

  12  0:05  SCV  
  13  0:18  Supply Depot  
  13  0:28  SCV  
  14  0:32  Refinery  
  14  0:40  SCV  
  15  0:43  Barracks  
  15  0:58  SCV  
  16  1:31  Reaper  
  17  2:24  Barracks Tech Lab  
  17  2:25  Factory  
  17  4:20  Orbital Command  
  17  4:26  Factory Tech Lab  
  17  4:27  Starport  
Show
View Real Time Build Order
Export as new Build Order

SirAhmed Zerg 

Build Orders: Hatch First 

Get SALT Encoding   

  12  0:25  Overlord x3  
  12  0:59  Overlord x3  
  12  1:36  Drone  
  12  1:37  Drone x2  
  15  2:10  Overlord x3  
  15  2:20  Extractor  
  14  2:27  Extractor  
  13  2:58  Drone x3  
  13  3:05  Hatchery  
  15  3:19  Spawning Pool  
  12  5:29  Drone  
  12  5:30  Drone x2  
Show
View Real Time Build Order
Export as new Build Order

CraM Zerg 

Build Orders:  

Get SALT Encoding   

    5:12  Drone  
  1  5:16  Drone x2  
Tags
 
Add a new tag
Caveats
  • Supply blocks, unpowered buildings, or Contaminate may cause inaccurate times.
  • Supply counts are checked every 10 seconds.